AoeStats
← _The_Lion

Arabia

506023976Analyzed
1v1 RM · 21d ago on Sep 12, 2026· 26m 45s· 2 players
Game mode
Random Map
Map size
Tiny (2 player)
Population
200
Speed
Normal
Resources
Standard
Victory
Conquest
Starting age
Dark Age
Ending age
Imperial Age
RankedLock teamsTeams togetherTeam positionsShared explorationLock speedFull tech treeHidden civsTurbo modeCheats
Victory
Defeat
🇨🇦 Khitans · Canada
1639
+20
🇺🇾 Britons · Uruguay
1720
-20
Titanius
6:47 Loom
9:12 Feudal Age
9:16 Man-at-Arms
16:15 Double-Bit Axe
17:04 Fletching
18:29 Scale Mail Armor
23:24 Castle Age
22:08 Scale Barding Armor
22:41 Horse Collar
23:26 Gold Mining
26:09 Wheelbarrow
25:49 Bodkin Arrow
_The_Lion
5:43 Loom
8:55 Feudal Age
16:34 Double-Bit Axe
17:44 Fletching
23:28 Castle Age
23:06 Scale Barding Armor
23:12 Forging
23:09 Gold Mining
23:48 Elite Skirmisher
24:25 Bodkin Arrow
25:04 Padded Archer Armor
25:46 Chain Barding Armor
Connection lost

Rejoining the realm…

Still unreachable

The connection could not be restored.

Session expired

The server has moved on; the page needs a fresh start.